 Dungeon Crawl Stone Soup version 0.29-a0-284-gf9362112df (webtiles) character file.

Game seed: 16571946723892184103

311 bande the Chopper (level 6, -2/39 HPs)
             Began as a Gargoyle Fighter on Mar 22, 2022.
             Slain by a kobold brigand
             ... wielding a +0 short sword
              (5 damage)
             ... in a sewer.
             The game lasted 00:03:10 (2531 turns).

bande the Chopper (Gargoyle Fighter)                Turns: 2531, Time: 00:03:11

Health: -2/39      AC: 11    Str: 19    XL:     6   Next: 42%
Magic:  6/6        EV:  9    Int:  9    God:
Gold:   74         SH:  5    Dex: 11    Spells: 5/5 levels left

rFire   . . .      SeeInvis .   a - +0 war axe
rCold   . . .      Faith    .   c - +1 buckler
rNeg    + . .      Spirit   .   b - +0 scale mail
rPois   ∞          Reflect  .   (no helmet)
rElec   +          Harm     .   (no cloak)
rCorr   .          Rampage  .   (no gloves)
Will    .....                   (no boots)
Stlth   ..........              (no amulet)
HPRegen 0.13/turn               (no ring)
MPRegen 0.10/turn               (no ring)

@: very slow
A: sickness immunity, AC +4, negative energy resistance 1, electricity
resistance, torment resistance 1, petrification resistance
a: no special abilities


You were in a sewer.
You visited 1 branch of the dungeon, and saw 3 of its levels.
You also visited: Sewer.

You collected 74 gold pieces.

Inventory:

Hand Weapons
 a - a +0 war axe (weapon)
 d - a +0 flail
Armour
 b - a +0 scale mail (worn)
 c - a +1 buckler (worn)
Potions
 e - a potion of heal wounds
 g - 3 potions of curing


   Skills:
 + Level 4.4 Fighting
 + Level 4.5 Axes
 + Level 4.3 Armour
 - Level 0.2 Stealth
 + Level 4.0 Shields


You had 5 spell levels left.
You didn't know any spells.
Your spell library was empty.

Dungeon Overview and Level Annotations

Branches:
Dungeon (3/15)              Sewer (1/1)

Altars:


Innate Abilities, Weirdness & Mutations

You are immune to sickness and miasma.
Your stone body is resilient. (AC +4)
You are immune to poison.
You resist negative energy. (rN+)
You are resistant to electric shocks. (rElec)
You are resistant to unholy torment.
You are immune to petrification.


Message History

Your unstable footing causes you to fumble your attack.
You block the jackal's attack.
You slash the jackal!
You kill the jackal!
You block the ball python's attack. The ball python grabs you.
The ball python constricts you.
You hit the ball python.
You kill the ball python!
Your unstable footing causes you to fumble your attack.
The kobold brigand closely misses you.
Your unstable footing causes you to fumble your attack.
You block the kobold brigand's attack.
You closely miss the kobold brigand.
The kobold brigand splashes around in the water.
Your unstable footing causes you to fumble your attack.
The kobold brigand hits you with a +0 short sword.
The kobold brigand hits you but does no damage.
Your unstable footing causes you to fumble your attack.
The kobold brigand closely misses you.
You hit the kobold brigand but do no damage.
You block the kobold brigand's attack.
Your unstable footing causes you to fumble your attack.
The kobold brigand hits you with a +0 short sword.
* * * LOW HITPOINT WARNING * * *
The kobold brigand hits you with a +0 short sword.
* * * LOW HITPOINT WARNING * * *
You barely miss the kobold brigand.
The kobold brigand splashes around in the water.
You slash the kobold brigand!
The kobold brigand is heavily wounded.
The kobold brigand hits you but does no damage.
Your unstable footing causes you to fumble your attack.
The kobold brigand hits you with a +0 short sword.
* * * LOW HITPOINT WARNING * * *
You closely miss the kobold brigand.
The kobold brigand is heavily wounded.
The kobold brigand hits you with a +0 short sword.
* * * LOW HITPOINT WARNING * * *
The kobold brigand hits you with a +0 short sword.
You die...

#### #..#
#..#########≈# ..
##≈≈≈)≈≈≈≈≈#≈# ≈.≈
#.#########≈#.≈..
##....#!#..#≈#≈.≈.
#P....#≈#≈≈...≈≈.≈
#PP.≈.#@#≈≈≈.≈..≈.
#P.≈..#K#≈KK≈≈≈...
##.≈≈≈#K#.K†.#
#.≈≈.≈hK.K###
#...≈..####
##≈.≈≈≈.#
#.≈÷≈..##
#...##########
#P.÷≈)≈≈≈≈≈≈≈#


You could see a kobold brigand, a jackal and 2 kobolds.

Vanquished Creatures
  Sigmund (D:2)
  A kobold brigand (Sewer)
  A gnoll (D:1)
  2 adders (Sewer)
  2 dart slugs
  6 ball pythons
  4 endoplasms
  3 giant cockroaches
  5 goblins
  4 hobgoblins
  3 jackals (Sewer)
  5 quokkas
  3 bats (D:1)
  4 frilled lizards
  8 kobolds
  6 rats
58 creatures vanquished.

Vanquished Creatures (others)
  6 plants (Sewer)
6 creatures vanquished.

Grand Total: 64 creatures vanquished

Notes
Turn   | Place    | Note
-------+----------+-------------------------------------------
     0 | D:1      | bande the Gargoyle Fighter began the quest for the Orb.
     0 | D:1      | Reached XP level 1. HP: 14/14 MP: 1/1
   237 | D:1      | Reached XP level 2. HP: 19/19 MP: 2/2
   776 | D:1      | Reached XP level 3. HP: 23/24 MP: 3/3
   807 | D:1      | Found a faded altar of an unknown god.
   962 | D:2      | Noticed Sigmund
   978 | D:2      | HP: 1/24 [something (6)]
   981 | D:2      | Killed Sigmund
   982 | D:2      | Reached XP level 4. HP: 22/29 MP: 4/4
   982 | D:2      | Reached XP level 5. HP: 25/33 MP: 5/5
  2080 | D:3      | Found a glowing drain.
  2092 | Sewer    | Entered a sewer
  2108 | Sewer    | Reached XP level 6. HP: 38/38 MP: 6/6
  2531 | Sewer    | Slain by a kobold brigand

Illustrated notes

Levels and vault maps discovered:
D:1:      tarquinn_simple_flora_water_a, layout_basic,
          hellmonk_ecumenical_altar_zigzags
D:2:      layout_loops_cross, uniq_sigmund
D:3:      layout_basic, vehumet_crystals, cheibrodos_sewer_entry_drain
Sewer:    sewer_co_scattered_pipes

Skill      XL: |  1  2  3  4  5  6 |
---------------+-------------------+-----
Axes           | 2 3 4 |  4.5
Fighting       | 4 |  4.4
Armour         | 4 |  4.3
Shields        | 4 |  4.0
Stealth        | |  0.2

Action                   |  1- 3 |  4- 6 || total
-------------------------+-------+-------++-------
Melee: War axe           |    72 |   117 ||   189
  Use: Scroll            |     1 |     5 ||     6
       Potion            |     2 |       ||     2
Armor: Scale mail        |    50 |    47 ||    97
Dodge: Dodged            |    42 |    39 ||    81
Block: Buckler           |    17 |    28 ||    45

Table legend: (Time is in decaauts)
 A = Elapsed time spent in this place.
 B = Non-inter-level travel time spent in this place.
 C = Inter-level travel time spent in this place.
 D = Time resting spent in this place.
 E = Time spent auto-exploring this place.
 F = Levels seen in this place.
 G = Mean time per level.
                   A        B        C        D        E       F      G
               +--------+--------+--------+--------+--------+-----+--------+
         Total |   2622 |   2585 |     37 |    474 |   1623 |   4 |  655.5 |
       Dungeon |   2146 |   2109 |     37 |    170 |   1567 |   3 |  715.3 |
         Sewer |    475 |    475 |      0 |    304 |     56 |   1 |  475.0 |
               +--------+--------+--------+--------+--------+-----+--------+

Top non-repeatable levels by time:
     D:1: 989 daAuts
     D:2: 958 daAuts
   Sewer: 475 daAuts
     D:3: 198 daAuts
